 Dungeon Crawl Stone Soup version 0.13.0-19-g8e0b589 (webtiles) character file.

227 Econoterrorist the Magician (level 5, -1/24 HPs)
             Began as a Spriggan Enchanter on Oct 24, 2013.
             Shot with an arrow by a centaur (12 damage)
             ... on Level 3 of the Dungeon.
             The game lasted 00:13:59 (2275 turns).

Econoterrorist the Magician (Spriggan Enchanter)    Turns: 2275, Time: 00:13:59

HP  -1/24        AC  4     Str  5      XL: 5   Next: 15%
MP  26/26        EV 17     Int 19      God:
Gold 70          SH 12     Dex 17      Spells:  2 memorised, 10 levels left

Res.Fire  : . . .   See Invis. : +   t - +2,+0 elf dagger (holy)
Res.Cold  : . . .   Warding    : .   b - +1 robe
Life Prot.: . . .   Conserve   : .   j - +0 buckler (curse)
Res.Poison: .       Res.Corr.  : .   (helmet restricted)
Res.Elec. : .       Clarity    : .   n - +0 cloak
Sust.Abil.: . .     Spirit.Shd : .   (gloves unavailable)
Res.Mut.  : .       Stasis     : .   (boots unavailable)
Res.Rott. : .       Flight     : .   (no amulet)
Saprovore : . . .                    p - ring of magical power
                                     o - +3 ring of intelligence

@: very quick, somewhat resistant to hostile enchantments, quite stealthy
A: unfitting armour, see invisible, herbivore 3, speed 3, slow metabolism 2
a: no special abilities


You were on level 3 of the Dungeon.
You were not hungry.

You visited 1 branch of the dungeon, and saw 3 of its levels.

You collected 50 gold pieces.

Inventory:

Hand weapons
 a - a +1,+1 dagger {=f}
 g - a +0,+2 dagger of venom
 t - a +2,+0 elven dagger of holy wrath (weapon)
Missiles
 d - 10 darts (quivered)
 i - 11 poisoned needles
Armour
 b - a +1 robe (worn)
 j - a cursed +0 buckler (worn)
 n - a +0 cloak (worn)
Comestibles
 h - 3 bread rations
 v - an apple
Scrolls
 l - a scroll of identify {unknown}
 m - a scroll of remove curse {unknown}
 s - a scroll of magic mapping {unknown}
 u - a scroll of enchant weapon I {unknown}
 x - a scroll of teleportation {unknown}
Jewellery
 o - a +3 ring of intelligence (left hand)
 p - a ring of magical power (right hand)
Potions
 e - a potion of porridge
 f - 3 potions of curing
 k - 3 potions of restore abilities {unknown}
 q - 3 potions of degeneration {unknown}
 r - a potion of poison {unknown}
 w - 2 potions of agility {unknown}
Books
 c - a book of Maledictions

   Spells                             Type                      Level
   *Corona                            Hexes                        1
   Sure Blade                         Hexes/Charms                 2
   *Ensorcelled Hibernation           Hexes/Ice                    2
   Confuse                            Hexes                        3
   Enslavement                        Hexes                        4
   Invisibility                       Hexes                        6


   Skills:
 - Level 2.1 Short Blades
 - Level 1.1 Throwing
 - Level 3.0 Dodging
 - Level 4.1 Stealth
 - Level 1.0 Shields
 + Level 4.7 Spellcasting
 - Level 3.6 Hexes


You had 10 spell levels left.
You knew the following spells:

 Your Spells              Type           Power        Failure   Level  Hunger
a - Corona                Hex            ###....      3%          1    None
b - Ensorcelled Hibernat  Hex/Ice        ##....       12%         2    #......


Dungeon Overview and Level Annotations

Branches:
Dungeon (3/27)

Altars:
Fedhas
Vehumet


Innate Abilities, Weirdness & Mutations

You are tiny and cannot use many weapons and most armour.
You have supernaturally acute eyesight.
You are a herbivore.
You cover ground extremely quickly.
You need consume almost no food.


Message History

The rat is moderately wounded.
The rat closely misses you.
You hit the rat.
The rat is severely wounded.
You hit the rat.
You kill the rat!
You see here a rat corpse.
A centaur comes into view.
Found a blossoming altar of Fedhas.
The centaur shouts!
The centaur wields a bow.
The centaur shoots an arrow.
The arrow hits you!
The centaur shoots an arrow.
The arrow hits you!
Casting: Ensorcelled Hibernation
Confirm with . or Enter, or press ? or * to list all spells.
Okay, then.
Drink which item? (? for menu, Esc to quit)
Okay, then.
The centaur shoots an arrow.
The arrow hits you!
Ouch! That really hurt!
You die...

#.# #.# #.#
#######.#
##....##.#
#..PP..#.#
#.###.PPPP.#.###
#.....PP_PP....#
#####.PcP@P#.#.#
#.PPP.P#.# #
#......#%#.#
########.#.#
#......#
#######..###
#...# #..# #...#
#..# #...# #..#


You could see a centaur.

Vanquished Creatures
  A phantom (D:3)
  2 orcs (D:3)
  12 goblins
  11 hobgoblins
  11 jackals
  5 kobolds
  A quokka (D:3)
  2 ball pythons (D:1)
  8 bats
  4 giant newts
  3 rats
60 creatures vanquished.

Notes
Turn   | Place    | Note
--------------------------------------------------------------
     0 | D:1      | Econoterrorist, the Spriggan Enchanter, began the quest for the Orb.
     0 | D:1      | Reached XP level 1. HP: 9/9 MP: 4/4
   286 | D:1      | Reached XP level 2. HP: 11/13 MP: 6/6
   389 | D:1      | Reached skill level 4 in Stealth
   639 | D:2      | Learned a level 2 spell: Ensorcelled Hibernation
   701 | D:2      | Reached XP level 3. HP: 11/16 MP: 9/9
   756 | D:1      | Reached skill level 1 in Shields
  1175 | D:2      | Found a radiant altar of Vehumet.
  1665 | D:3      | Noticed a phantom
  1676 | D:3      | Reached XP level 4. HP: 21/21 MP: 12/12
  2169 | D:3      | Killed a phantom
  2169 | D:3      | Reached XP level 5. HP: 20/24 MP: 17/17
  2261 | D:3      | Found a blossoming altar of Fedhas.
  2261 | D:3      | Noticed a centaur
  2275 | D:3      | Shot with an arrow by a centaur

Action                   |  1- 3 |  4- 6 || total
-------------------------+-------+-------++-------
Melee: Dagger            |   167 |    57 ||   224
Throw: Dart              |     1 |     8 ||     9
 Cast: Corona            |     1 |       ||     1
       Ensorcelled Hiber |     2 |     1 ||     3
  Use: Potion            |     1 |       ||     1
 Stab: Sleeping          |     5 |     1 ||     6
       Distracted        |     1 |       ||     1
